Cogmind - Beta 15 @@@ ROGUE MODE // 2025.06.12 @ 14:08:05 Player: EX-OCT Result: Assimilated 0b10! Performance ------------- Evolutions (9) 4500 Regions Visited (27) 5400 Robots Destroyed (122) 610 Value Destroyed (7455) 7455 Prototype IDs (43) 860 Alien Tech Used (6) 1200 Bonus (19869) 19869 TOTAL SCORE: 39894 Bonus ------- Triggered Max Security 1000 High Alert Combat Kills 583 Follower Combat Kills 3486 Entered Garrisons 1000 Used RIF Installer 3000 Entered DSFs 500 Aligned with FarCom 300 Met MAIN.C 5000 Used 0b10 Conduit 2000 Win 3000 Cogmind --------- Core Integrity 1456/1600 Matter 270/300 Energy 550/900 System Corruption 6% Temperature Cool (-192) Movement Hovering (16) Location 0b10 Command Parts ------- > --- POWER (3) -------- Micro Antimatter Reactor Improved Quantum Reactor Matter Drive > --- PROPULSION (9) --- Cooled Aerolev Unit Cooled Aerolev Unit Cooled Aerolev Unit Cooled Aerolev Unit Improved Antigrav System Antigrav Array Combat Linear Gravjet Combat Linear Gravjet > --- UTILITY (11) ----- Advanced Cryofiber Web Advanced Heat Sink High-capacity Storage Unit Advanced Energy Well Experimental Core Analyzer Armor Integrity Analyzer Advanced Reaction Control System Graphene Brace Advanced EM Shield Advanced Shield Generator > --- WEAPON (2) ------- Sigix Broadsword > --- INVENTORY (20) --- Micro Antimatter Reactor Light Quantum Reactor Combat Linear Gravjet Combat Linear Gravjet Combat Linear Gravjet Combat Linear Gravjet Advanced Heat Sink Transdimensional Reconstructor High-powered Transdimensional Reconstructor Subatomic Replicator Terrabomb Terrabomb Enhanced Nova Cannon Enhanced Nova Cannon Enhanced Hardcell Cannon Fusion Bomb Launcher Advanced Remote Datajack Plasma Sword Peak State ------------ > --- POWER ------------ Micro Antimatter Reactor Improved Quantum Reactor Matter Drive > --- PROPULSION ------- Cooled Aerolev Unit Cooled Aerolev Unit Cooled Aerolev Unit Cooled Aerolev Unit Improved Antigrav System Antigrav Array Combat Linear Gravjet Combat Linear Gravjet > --- UTILITY ---------- Advanced Cryofiber Web Advanced Heat Sink High-capacity Storage Unit Advanced Energy Well Experimental Core Analyzer Armor Integrity Analyzer Advanced Reaction Control System Graphene Brace Advanced EM Shield Advanced Shield Generator Relay Coupler [Grunt] > --- WEAPON ----------- Sigix Broadsword > --- INVENTORY -------- Micro Antimatter Reactor Light Quantum Reactor Combat Linear Gravjet Combat Linear Gravjet Combat Linear Gravjet Combat Linear Gravjet Advanced Heat Sink Transdimensional Reconstructor High-powered Transdimensional Reconstructor Subatomic Replicator Terrabomb Terrabomb Enhanced Nova Cannon Enhanced Nova Cannon Enhanced Hardcell Cannon Fusion Bomb Launcher Advanced Remote Datajack Plasma Sword [Rating: 208] Favorites ----------- Power Light Quantum Reactor Engine Light Ion Engine Power Core Light Nuclear Core Reactor Light Quantum Reactor Propulsion Cooled Aerolev Unit Treads Improved Treads Leg Enhanced Biometal Leg Wheel Compact Wheel Hover Unit Cooled Aerolev Unit Flight Unit VTOL Module Utility Hacking Suite Device Advanced Reaction Control System Storage Medium Storage Unit Processor Experimental Core Analyzer Hackware Hacking Suite Protection Backup Plating VII Artifact Phase Redirector Weapon Scythe Energy Gun Plasma Rifle Energy Cannon Enhanced Nova Cannon Ballistic Gun Helical Railgun Ballistic Cannon Heavy Gauss Cannon Launcher Rocket Launcher Special Weapon Improved Remote Datajack Impact Weapon Hammer Slashing Weapon Scythe Piercing Weapon Heavy Pick Special Melee Weapon Advanced Datajack Build | -11 -10 -10 -10 -9 -8 -8 -8 -8 -8 -8 -6 -6 -6 -6 -5 -5 -4 -4 -4 -3 -3 -3 -3 -2 -2 -1 -1 ------- Run | Yrd Mat Min Exi Min Mat Gar Mat Sto Rec Scr Fac Gar Fac Gar Fac Gar Fac Arm Lab Res Gar Res DSF Res Qua Acc Com Slots Evolved 18 | . . . . . 4 . . . . . 4 . . . 2 . 2 . . 2 . . . 2 . 2 . Power 2 | . . . . . . . . . . . . . . . . . . . . . . . . 1 . 1 . Propulsion 7 | . . . . . 2 . . . . . 2 . . . . . . . . 2 . . . . . 1 . Utility 9 | . . . . . 2 . . . . . 2 . . . 2 . 2 . . . . . . 1 . . . Weapon . | . . . . . . . . . . . . . . . . . . . . . . . . . . . . Parts Attached 250 | 5 3 8 1 . 7 6 3 5 18 4 5 11 4 21 18 30 17 38 . 8 2 . 2 11 9 8 6 Power 27 | . 1 . . . . . 1 1 2 . 2 . . 3 2 2 2 5 . . . . . 2 . 2 2 Engine 8 | . 1 . . . . . 1 1 2 . 1 . . 1 . 1 . . . . . . . . . . . Core 5 | . . . . . . . . . . . 1 . . 1 2 1 . . . . . . . . . . . Reactor 14 | . . . . . . . . . . . . . . 1 . . 2 5 . . . . . 2 . 2 2 Propulsion 96 | 2 2 2 . . 3 4 1 2 10 2 1 4 3 10 4 12 6 19 . 4 . . . 1 1 3 . Treads 10 | 2 . . . . . . . . 5 . . . . . . . . 3 . . . . . . . . . Leg 19 | . . . . . . . . . . . . . . . . 9 . 10 . . . . . . . . . Wheel 1 | . . . . . . . . 1 . . . . . . . . . . . . . . . . . . . Hover 23 | . . . . . 3 . 1 . 1 . . . . . . . 3 6 . 4 . . . 1 1 3 . Flight 43 | . 2 2 . . . 4 . 1 4 2 1 4 3 10 4 3 3 . . . . . . . . . . Utility 93 | 1 . 4 1 . 3 1 . 1 6 1 2 5 1 6 9 12 9 7 . 2 2 . 1 6 6 3 4 Device 31 | 1 . 2 . . . . . . 1 . 2 . . 1 2 2 2 4 . 1 . . . 5 2 3 3 Storage 8 | . . . 1 . 1 . . . 2 . . . . . 1 . . . . 1 . . 1 1 . . . Processor 5 | . . . . . . . . . . . . . . . 1 3 . . . . . . . . . . 1 Hackware 32 | . . 1 . . 1 . . 1 . . . 5 1 5 4 4 7 1 . . 2 . . . . . . Protection 15 | . . 1 . . 1 1 . . 3 1 . . . . 1 3 . 2 . . . . . . 2 . . Artifact 2 | . . . . . . . . . . . . . . . . . . . . . . . . . 2 . . Weapon 34 | 2 . 2 . . 1 1 1 1 . 1 . 2 . 2 3 4 . 7 . 2 . . 1 2 2 . . Energy Gun 3 | . . . . . . . . . . . . . . 1 . . . 2 . . . . . . . . . Energy Cannon 1 | . . . . . . . . . . . . . . . . . . . . . . . . 1 . . . Ballistic Gun 8 | 2 . 1 . . . . . . . . . . . . . 2 . 3 . . . . . . . . . Ballistic Cannon 2 | . . . . . . . . . . . . . . . . . . 1 . 1 . . . . . . . Launcher 1 | . . . . . . 1 . . . . . . . . . . . . . . . . . . . . . Special Weapon 5 | . . . . . . . . . . . . 2 . . 1 2 . . . . . . . . . . . Impact Weapon 3 | . . . . . 1 . . . . . . . . 1 . . . . . . . . . 1 . . . Slashing Weapon 7 | . . . . . . . 1 . . 1 . . . . 2 . . . . . . . 1 . 2 . . Piercing Weapon 1 | . . . . . . . . . . . . . . . . . . 1 . . . . . . . . . Special Melee Weapon 3 | . . 1 . . . . . 1 . . . . . . . . . . . 1 . . . . . . . Unidentified Prototypes 24 | . . 1 . . . . 1 1 . . . . 1 . 1 7 2 1 . 1 . . . 1 4 2 1 Parts Lost 92 | . . . . . . 8 . 7 3 . 3 4 1 10 8 12 13 13 . 3 . . 1 3 1 2 . Power 8 | . . . . . . 1 . . . . 1 . . 1 1 1 1 2 . . . . . . . . . Propulsion 42 | . . . . . . 5 . 6 2 . 1 3 1 5 4 8 4 1 . 1 . . . 1 . . . Utility 28 | . . . . . . 1 . 1 1 . 1 1 . 2 3 1 5 5 . 1 . . 1 2 1 2 . Weapon 14 | . . . . . . 1 . . . . . . . 2 . 2 3 5 . 1 . . . . . . . Highest Loss Streak 8 | . . . . . . 3 . 5 2 . 3 2 1 4 3 7 8 5 . 3 . . 1 3 1 1 . To Critical Strikes 2 | . . . . . . . . . . . . . . . . . 2 . . . . . . . . . . Average Backups 7 | 1 2 4 4 4 4 5 6 8 6 7 6 6 6 6 7 8 7 3 5 4 5 4 6 16 19 19 18 Power . | 1 1 . . . . . . 2 2 2 1 1 . . . 1 1 . 1 1 2 2 1 1 1 . 1 Propulsion 1 | . . . . . . . . . . 1 . . . . . . . . 2 1 1 1 2 7 5 4 4 Utility 3 | . . 2 2 3 3 4 4 2 3 3 3 3 3 5 4 4 4 1 . . . . . 2 2 1 1 Weapon 1 | . . . 1 1 1 1 1 2 . . . . . . . 1 . . 2 2 2 1 2 5 4 4 5 Tool/Special . | . . . . . . . . . . . . . . . . . . . . . . . . . . . . Unused Backups 32 | . 1 2 . . . . . 1 . 1 . . . . 1 . 3 2 . . . . 1 . 4 1 15 Power 4 | . 1 . . . . . . . . . . . . . . . . . . . . . 1 . . . 2 Propulsion 8 | . . . . . . . . . . 1 . . . . . . 1 1 . . . . . . 1 . 4 Utility 4 | . . 1 . . . . . . . . . . . . 1 . 1 . . . . . . . . 1 . Weapon 9 | . . 1 . . . . . 1 . . . . . . . . . 1 . . . . . . 3 . 3 Tool/Special 7 | . . . . . . . . . . . . . . . . . 1 . . . . . . . . . 6 Average Slot Usage (%) 84 | . 78 90 100 100 90 60 70 68 63 95 76 93 99 86 87 90 85 80 100 94 95 95 92 92 90 91 90 Engine 2 | . 10 14 14 14 9 1 . . 2 9 3 . . . . 1 4 . . . . . . . . . . Core 1 | . . . . . . . . . . . . 6 6 3 2 3 . 1 . . . . . . . . . Reactor 2 | . . . . . . . . . . . . . . 1 2 . . 3 5 4 4 4 4 6 8 11 12 Treads 1 | . 5 . . . . . . . 11 . . . . . . . . . . . . . . . . . . Leg 3 | . . . . . . . . . . . . . . . . 20 7 20 . . . . . . . . . Hover 9 | . . . . . 20 3 1 5 2 . . . . . . . 5 7 31 33 33 33 33 29 30 31 32 Flight 14 | . 21 28 28 28 11 16 27 16 8 36 26 36 39 34 28 8 7 . . . . . . . . . . Device 4 | . 14 4 . . . . . . . . 7 11 . . 3 . . 2 15 16 9 9 4 11 15 21 23 Storage 5 | . . . . . 4 9 9 8 8 9 6 6 6 6 5 5 4 . . 1 4 4 5 8 8 4 4 Processor 6 | . . . . . . . . . . . . . . . 3 20 16 15 15 9 9 9 9 8 8 5 7 Hackware 18 | . . 9 14 14 17 18 18 26 18 18 10 15 31 25 26 14 27 16 10 9 18 19 19 12 8 8 6 Protection 3 | . . 5 14 14 9 4 5 . 2 5 6 2 . . . 2 . 2 10 9 4 4 4 4 3 3 . Ballistic Gun 2 | . 25 22 14 14 . . . . . . . . . . . 4 . 4 . . . . . . . . . Special Weapon 1 | . . . . . . . . . . . . 4 6 5 5 1 3 . . . . . . . . . . Impact Weapon 1 | . . . . . 7 7 5 . . . . . . 2 1 . . . . . . . . 3 . . . Slashing Weapon 3 | . . . . . . . 3 9 9 16 13 8 6 2 2 2 4 . . . . . 2 . 3 4 4 Special Melee Weapon 1 | . . 5 14 14 9 . . . . . . . . . . . . . . 3 4 4 4 3 1 . . Peak Build Rating 208 | 7 8 19 26 18 26 26 24 28 27 33 44 51 53 76 86 109 116 121 121 143 143 141 141 157 197 197 208 Average Rating 78 | 4 7 12 17 18 25 15 17 19 20 31 37 46 46 50 76 93 103 105 121 132 141 141 133 146 165 190 200 On Entrance 71 | . 7 8 17 18 18 26 17 19 11 26 33 44 46 50 69 71 103 75 121 121 143 141 141 138 157 178 191 Naked Turns . | . . . . . . . . . . . . . . . . . . . . . . . . . . . . Heaviest Build 105 | 4 7 10 10 10 19 19 15 16 30 13 17 18 16 24 33 38 38 47 47 52 52 43 53 90 88 101 105 Greatest Support 180 | 3 40 10 10 10 22 22 12 16 85 22 27 31 30 42 42 150 130 180 54 80 80 80 80 83 88 102 118 Greatest Overweight (x) 9 | 1 1 . . . 1 4 1 2 9 . . . . 4 . 1 . 6 . . . . . 1 1 . 1 Average Overweight (x) . | . . . . . . . . . . . . . . . . . . . . . . . . . . . . Largest Inventory Capacity 20 | 5 5 5 5 5 10 10 10 10 15 8 8 8 8 8 10 10 10 5 5 5 5 5 15 20 20 20 20 Average Capacity 10 | 5 5 5 5 5 7 10 10 9 13 8 8 8 8 8 9 10 9 5 5 5 5 5 8 19 20 20 20 Most Carried 20 | 2 5 5 5 5 6 7 10 10 8 8 8 8 8 8 10 10 10 5 5 5 5 5 13 19 20 20 20 Average Carried 8 | 1 2 4 4 5 5 6 7 9 7 8 7 7 7 7 8 9 8 4 5 4 5 4 6 16 19 19 18 Final Capacity 20 | 5 5 5 5 5 10 10 10 5 8 8 8 8 8 8 10 10 5 5 5 5 5 5 15 20 20 20 20 Final Carried 19 | 2 5 5 5 5 6 6 10 5 8 8 6 7 7 8 8 10 5 5 5 5 5 4 13 19 18 18 18 Class Distribution -------------------- 24% | Commander-Sprinter 21% | Hacker-Mutant 14% | Scavenger-Sprinter 11% | Scavenger-Mutant 8% | Hacker-Sprinter 5% | Sprinter 5% | Commander-Mutant 3% | Mutant Dominant Class ---------------- Mutant | -10/Materials Commander-Sprinter | -10/Mines Commander-Sprinter | -10/Exiles Sprinter | -9/Mines Hacker-Mutant | -8/Materials Hacker-Mutant | -8/Garrison Hacker-Mutant | -8/Materials Hacker-Mutant | -8/Storage Commander-Mutant | -8/Recycling Commander-Sprinter | -8/Scraptown Commander-Sprinter | -6/Factory Scavenger-Sprinter | -6/Garrison Hacker-Sprinter | -6/Factory Commander-Sprinter | -6/Garrison Commander-Sprinter | -5/Factory Scavenger-Mutant | -5/Garrison Hacker-Mutant | -4/Factory Scavenger-Mutant | -4/Armory Scavenger-Sprinter | -4/Lab Sprinter | -3/Research Commander-Sprinter | -3/Garrison Commander-Sprinter | -3/Research Commander-Sprinter | -3/DSF Commander-Sprinter | -2/Research Scavenger-Sprinter | -2/Quarantine Scavenger-Sprinter | -1/Access Sprinter | -1/Command Resources | -11 -10 -10 -10 -9 -8 -8 -8 -8 -8 -8 -6 -6 -6 -6 -5 -5 -4 -4 -4 -3 -3 -3 -3 -2 -2 -1 -1 ----------- Run | Yrd Mat Min Exi Min Mat Gar Mat Sto Rec Scr Fac Gar Fac Gar Fac Gar Fac Arm Lab Res Gar Res DSF Res Qua Acc Com Matter Collected 4536 | 266 84 100 . 60 56 26 191 72 264 45 . 145 90 467 279 721 171 497 . 178 . . 359 105 53 215 92 Remotely . | . . . . . . . . . . . . . . . . . . . . . . . . . . . . Salvage Created 5749 | 116 147 . . . 85 161 57 363 974 . 57 222 226 318 327 584 156 817 . 48 . . 92 260 . 571 168 Parts 270 | 7 8 . . . 8 15 5 18 41 . . 17 11 9 10 27 4 25 . 4 . . 3 7 . 42 9 Haulers Intercepted 2 | . . . . . . . 1 . . . . . 1 . . . . . . . . . . . . . . Recyclers Shooed 6 | . 1 1 . . . . . 1 2 . . . 1 . . . . . . . . . . . . . . Parts Field Recycled . | . . . . . . . . . . . . . . . . . . . . . . . . . . . . Retrieved Matter . | . . . . . . . . . . . . . . . . . . . . . . . . . . . . Parts Self-Destructed . | . . . . . . . . . . . . . . . . . . . . . . . . . . . . Prevented . | . . . . . . . . . . . . . . . . . . . . . . . . . . . . Kills | -11 -10 -10 -10 -9 -8 -8 -8 -8 -8 -8 -6 -6 -6 -6 -5 -5 -4 -4 -4 -3 -3 -3 -3 -2 -2 -1 -1 ------- Run | Yrd Mat Min Exi Min Mat Gar Mat Sto Rec Scr Fac Gar Fac Gar Fac Gar Fac Arm Lab Res Gar Res DSF Res Qua Acc Com Combat Hostiles Destroyed 87 | . 3 . . . 3 17 . 6 7 . 1 6 2 5 6 8 1 13 . 1 . . . . . 6 2 Melee 40 | . . . . . 1 1 . 2 7 . 1 6 2 4 6 . 1 1 . . . . . . . 6 2 Guns 22 | . 3 . . . . . . . . . . . . 1 . 8 . 10 . . . . . . . . . Cannons 4 | . . . . . 1 . . . . . . . . . . . . 2 . 1 . . . . . . . AOE 16 | . . . . . . 12 . 4 . . . . . . . . . . . . . . . . . . . Classes Destroyed 16 | 2 2 . . . 2 2 1 2 . . . . . 1 . 1 . 2 . . . . . . . 1 . Worker 2 | . . . . . . . . 1 . . . . . . . . . . . . . . . . . 1 . Builder 4 | . . . . . 1 . . 1 1 . . . . . . . . . . . . . . . . 1 . Tunneler 2 | 1 . . . . . . . . . . . . . . . . . . . . . . . 1 . . . Hauler 2 | . . . . . . . 1 . . . . . 1 . . . . . . . . . . . . . . Recycler 15 | 1 1 . . . . . . 3 7 . . . . . . . . . . . . . . 2 . 1 . Operator 3 | . 1 . . . . . 1 . . . . . . . . . . . . 1 . . . . . . . Watcher 7 | . . . . . 1 . . . . . . 1 1 1 . . 2 . . . . . . . . . 1 Swarmer 31 | . 3 . . . 3 15 . 4 . . . 4 1 1 . . . . . . . . . . . . . Cutter 1 | . . . . . . . . . . . . . . . . . . . . . . . . . . 1 . Saboteur 1 | . . . . . . . . . . . . . . . . . . 1 . . . . . . . . . Grunt 18 | . . . . . . . . 1 1 . . 1 . 3 2 3 1 6 . . . . . . . . . Sentry 10 | . . . . . . 1 . 1 2 . 1 . 1 . 1 1 . 2 . . . . . . . . . Specialist 5 | . . . . . . . . . . . . . . 1 . 2 . 2 . . . . . . . . . Hunter 2 | . . . . . . . . . . . . . . . . . . 2 . . . . . . . . . Programmer 17 | . . . . . . 1 . . 4 . . 1 . . 3 . . . . 1 . . . . . 5 2 Behemoth 2 | . . . . . . . . . . . . . . . . 2 . . . . . . . . . . . Best Kill Streak 12 | 2 3 . . . 5 12 1 6 4 . 1 4 1 2 2 2 1 3 . 1 . . . 3 . 2 3 Combat Bots Only 12 | . 3 . . . 3 12 . 4 3 . 1 4 1 2 2 2 1 3 . 1 . . . . . 2 2 Max Kills in Single Turn 3 | 1 1 . . . 1 3 1 3 1 . 1 1 1 1 1 1 1 1 . 1 . . . 1 . 1 1 Gunslinging . | . . . . . . . . . . . . . . . . . . . . . . . . . . . . Exploded 3 | . . . . . . 3 . 3 . . . . . . . . . . . . . . . . . . . Melee 1 | . . . . . 1 1 . 1 1 . 1 1 1 1 1 . 1 1 . . . . . . . 1 1 Uniques/NPCs Destroyed . | . . . . . . . . . . . . . . . . . . . . . . . . . . . . Combat | -11 -10 -10 -10 -9 -8 -8 -8 -8 -8 -8 -6 -6 -6 -6 -5 -5 -4 -4 -4 -3 -3 -3 -3 -2 -2 -1 -1 -------- Run | Yrd Mat Min Exi Min Mat Gar Mat Sto Rec Scr Fac Gar Fac Gar Fac Gar Fac Arm Lab Res Gar Res DSF Res Qua Acc Com Hostile Shots Fired 1153 | . 8 . . 13 3 80 3 57 37 . . 41 32 49 60 103 144 334 . 25 . . 5 10 29 92 28 Missed 455 | . 4 . . 5 1 27 2 20 6 . . 21 21 26 27 32 66 113 . 10 . . 4 4 14 46 6 Hits 698 | . 4 . . 8 2 53 1 37 31 . . 20 11 23 33 71 78 221 . 15 . . 1 6 15 46 22 Melee 3 | . . . . . . . . . . . . . . 1 . . . 1 . . . . . . . 1 . Projectile 695 | . 4 . . 8 2 53 1 37 31 . . 20 11 22 33 71 78 220 . 15 . . 1 6 15 45 22 AOE 9 | . . . . . . . . . . . 1 . . . . . . 4 . . . . 3 . . 1 . Critical Strikes 35 | . . . . . . 1 . 1 1 . . 1 2 1 2 5 5 7 . . . . . 1 2 4 2 Actively Blocked 6 | . . . . . . . . . . . . . . . 1 . . . . . . . . . . 3 2 Part Disruptions 1 | . . . . . . . . . . . . . . . . . . . . . . . . . . . 1 Damage Taken 14030 | . 28 . . 69 14 685 14 500 438 . 56 253 208 513 877 1613 1963 3915 . 601 . . 274 144 355 1238 272 Core 2530 | . 7 . . . 14 116 14 257 63 . 1 21 117 51 284 190 601 471 . 70 . . 11 12 86 123 21 Absorbed by Shields 247 | . . . . . . 15 . . 43 . 18 73 . . . . . . . . . . . . . . 98 Redirected to Shielding 147 | . . . . . . . . . . . . 31 . . 10 . . . . . . . . . 32 74 . Ignored by Resistances 345 | . . . . . . . . . . . . . . . . . . . . . . . . 49 12 58 226 Regen/Repaired (Parts) 1364 | . . . . . . . 34 13 . . . . . . 124 . 386 . . . . . . . 2 640 165 Core Remaining (%) 69 | 100 . . . 97 . . . . . 15 . . . 77 . 52 . . 6 . . . 93 . 93 . 91 Volleys Fired 289 | 4 11 1 . 9 2 10 . 6 . . . 7 4 60 13 55 1 63 . 11 3 . 5 24 . . . Largest 2 | 2 2 1 . 1 1 1 . 1 . . . 1 1 1 1 2 1 2 . 1 1 . 1 1 . . . Hottest 120 | 40 40 25 . 25 25 33 . 33 . . . 5 5 69 7 76 7 113 . 51 51 . 51 120 . . . Shots Fired 367 | 8 22 1 . 9 2 10 . 6 . . . 7 4 59 13 76 1 106 . 11 3 . 5 24 . . . Gun 223 | 8 22 1 . 9 2 . . . . . . . . 17 . 63 . 101 . . . . . . . . . Cannon 48 | . . . . . . . . . . . . . . . . . . 5 . 11 3 . 5 24 . . . Launcher 16 | . . . . . . 10 . 6 . . . . . . . . . . . . . . . . . . . Special 80 | . . . . . . . . . . . . 7 4 42 13 13 1 . . . . . . . . . . Kinetic 199 | 8 22 1 . 9 2 . . . . . . . . . . 63 . 75 . 11 3 . 5 . . . . Thermal 72 | . . . . . . . . . . . . . . 17 . . . 31 . . . . . 24 . . . Explosive 16 | . . . . . . 10 . 6 . . . . . . . . . . . . . . . . . . . Electromagnetic . | . . . . . . . . . . . . . . . . . . . . . . . . . . . . Robot Hit Streak 39 | 6 8 . . 1 1 1 . 2 . . . 1 3 18 19 39 2 12 . 5 . . 2 . . . . Robot Miss Streak 6 | . 2 1 . 2 1 1 . 3 . . . 3 1 6 1 2 . 2 . 2 . . 1 . . . . Penetration Max 1 | . . . . . . . . . . . . . . . . . . 1 . . . . . . . . . Secondary Targets 3 | . . . . . . . . . . . . . . . . 1 . 2 . . . . . . . . . Max Gunslinging Chain 1 | . . . . . . . . . . . . . . . . 1 . 1 . . . . . . . . . Shots Hit Robots 455 | 6 13 1 . 4 9 27 6 10 28 . 5 22 19 49 35 63 10 84 . 6 21 . 12 3 4 14 4 Core Hits 157 | 3 6 . . . 2 14 1 13 12 . 1 9 6 6 10 16 5 40 . 1 . . 2 . . 8 2 Critical Kills 4 | . . . . . . 1 . . . . . . . . . 1 . 2 . . . . . . . . . Critical Parts Destroyed 9 | . . . . . 1 4 2 . . . . . . . . 2 . . . . . . . . . . . Critical Strikes 37 | . . . . . 1 5 3 . . . . 3 4 1 5 4 2 3 . 2 . . 3 . 1 . . Burn 1 | . . . . . . . . . . . . . . . . . . 1 . . . . . . . . . Destroy 5 | . . . . . . . . . . . . . . . . 3 . 2 . . . . . . . . . Blast 2 | . . . . . . . . . . . . . . . . . . . . 2 . . . . . . . Smash 8 | . . . . . 1 5 2 . . . . . . . . . . . . . . . . . . . . Sever 21 | . . . . . . . 1 . . . . 3 4 1 5 1 2 . . . . . 3 . 1 . . Melee Attacks 618 | . . 1 . . 29 55 23 12 36 . 6 41 21 49 77 27 50 9 . 16 21 . 12 13 39 66 15 Impact 154 | . . . . . 29 55 6 . . . . . . 15 30 . . . . . . . . 11 8 . . Slashing 406 | . . . . . . . 17 12 36 . 6 41 21 34 47 27 50 . . . . . 12 . 22 66 15 Piercing 21 | . . . . . . . . . . . . . . . . . . 9 . 12 . . . . . . . Sneak Attacks 62 | . . 1 . . 2 . 5 3 12 . . 1 2 2 1 3 . . . . 21 . 1 2 . 5 1 Combat Hostiles 10 | . . . . . . . . . 3 . . . . 1 1 3 . . . . . . . . . 2 . Follow-up Attacks 4 | . . . . . . . . . . . 2 2 . . . . . . . . . . . . . . . Damage Inflicted 14196 | 66 154 . . 99 263 1230 275 852 1354 . 161 673 648 523 953 1669 391 2058 . 200 . . 358 204 44 1561 460 Guns 3762 | 66 154 . . 99 19 . . . . . . . . 56 . 1399 . 1969 . . . . . . . . . Cannons 374 | . . . . . . . . . . . . . . . . . . 89 . 200 . . 85 . . . . Explosions 1143 | . . . . . . 648 . 495 . . . . . . . . . . . . . . . . . . . Melee 8917 | . . . . . 244 582 275 357 1354 . 161 673 648 467 953 270 391 . . . . . 273 204 44 1561 460 Ramming . | . . . . . . . . . . . . . . . . . . . . . . . . . . . . Kinetic 3502 | 66 154 . . 99 19 . . . . . . . . . . 1399 . 1480 . 200 . . 85 . . . . Thermal 634 | . . . . . . . . . . . . . . 56 . . . 578 . . . . . . . . . Explosive 1143 | . . . . . . 648 . 495 . . . . . . . . . . . . . . . . . . . Electromagnetic . | . . . . . . . . . . . . . . . . . . . . . . . . . . . . Impact 1338 | . . . . . 244 582 134 . . . . . . 82 92 . . . . . . . . 204 . . . Slashing 7579 | . . . . . . . 141 357 1354 . 161 673 648 385 861 270 391 . . . . . 273 . 44 1561 460 Piercing . | . . . . . . . . . . . . . . . . . . . . . . . . . . . . Highest Corruption 14 | . . . . . . 1 1 1 4 . . . 2 14 3 3 . 1 1 9 9 9 9 5 5 5 6 Average Corruption 3 | . . . . . . 1 1 1 3 . . . 1 7 2 3 . 1 1 9 9 9 9 5 5 2 5 Corruption Purged . | . . . . . . . . . . . . . . . . . . . . . . . . . . . . Corruption Blocked . | . . . . . . . . . . . . . . . . . . . . . . . . . . . . Effects 141 | . . . . . . 2 2 2 22 . . . 1 24 7 20 . 1 . 12 15 1 5 6 7 5 9 Message Errors 39 | . . . . . . 1 . . 6 . . . . 8 2 8 . . . 2 3 . 3 . 1 2 3 Matter Fused 26 | . . . . . . . . . 5 . . . . 2 1 2 . . . 2 4 . 1 5 1 1 2 Heat Flow Errors 21 | . . . . . . . . . 3 . . . . 5 2 2 . . . 3 . 1 . . 2 1 2 Energy Discharges 12 | . . . . . . 1 . . 3 . . . . 5 . 2 . . . . 1 . . . . . . Parts Rejected 4 | . . . . . . . 1 1 1 . . . . . . . . . . . . . . . . . 1 Parts Fused 2 | . . . . . . . . . . . . . 1 . . . . . . . . . . . 1 . . Data Loss (minor) 21 | . . . . . . . 1 . 3 . . . . 2 1 2 . . . 3 7 . . 1 1 . . Data Loss (major) 8 | . . . . . . . . 1 1 . . . . . 1 2 . . . 1 . . 1 . . 1 . Misfires 2 | . . . . . . . . . . . . . . . . 1 . 1 . . . . . . . . . Alerts 4 | . . . . . . . . . . . . . . 1 . . . . . 1 . . . . 1 . 1 Weapon Failures 2 | . . . . . . . . . . . . . . 1 . 1 . . . . . . . . . . . Overload Shots . | . . . . . . . . . . . . . . . . . . . . . . . . . . . . Overflow Damage 1418 | . . . . . 52 141 74 24 269 . 4 76 13 47 71 . 19 . . 22 . . . 91 . 348 167 Projectiles 39 | . . . . . . . . . . . . . . . . . . . . 22 . . . 17 . . . Explosions 39 | . . . . . . 30 . 9 . . . . . . . . . . . . . . . . . . . Melee 1340 | . . . . . 52 111 74 15 269 . 4 76 13 47 71 . 19 . . . . . . 74 . 348 167 Knockbacks 10 | . . . . . 2 3 2 . . . . . . . . . . . . 1 . . . 2 . . . Impact 7 | . . . . . 1 3 2 . . . . . . . . . . . . . . . . 1 . . . Kinetic 1 | . . . . . . . . . . . . . . . . . . . . 1 . . . . . . . Secondary 2 | . . . . . 1 . . . . . . . . . . . . . . . . . . 1 . . . Self-Inflicted Damage 1 | . . . . . . 1 . . . . . . . . . . . . . . . . . . . . . Shots 1 | . . . . . . 1 . . . . . . . . . . . . . . . . . . . . . Rammed . | . . . . . . . . . . . . . . . . . . . . . . . . . . . . Targets Rammed . | . . . . . . . . . . . . . . . . . . . . . . . . . . . . Kicked . | . . . . . . . . . . . . . . . . . . . . . . . . . . . . Crushed . | . . . . . . . . . . . . . . . . . . . . . . . . . . . . Highest Temperature 296 | . 8 10 . 20 6 5 . 3 260 . . . 6 285 105 296 14 87 . 269 . 93 . 197 28 28 . Average Temperature 72 | . 4 10 . 11 4 5 . 3 123 . . . 1 70 48 111 8 33 . 130 . 54 . 121 20 28 . Received Heat Transfer 2371 | . . . . . . 147 . 144 72 . 9 21 54 141 129 270 262 957 . . . . 54 15 63 9 24 Effects 2 | . . . . . . . . . 1 . . . . 1 . . . . . . . . . . . . . Energy Bleed 2 | . . . . . . . . . 1 . . . . 1 . . . . . . . . . . . . . Siege Activations . | . . . . . . . . . . . . . . . . . . . . . . . . . . . . Martial Activations . | . . . . . . . . . . . . . . . . . . . . . . . . . . . . Shielding Activations . | . . . . . . . . . . . . . . . . . . . . . . . . . . . . Robots Disrupted . | . . . . . . . . . . . . . . . . . . . . . . . . . . . . Combat Hostiles . | . . . . . . . . . . . . . . . . . . . . . . . . . . . . Robots Corrupted 9 | . . . . . 2 4 1 . . . . . . . . . . . . . . . . 2 . . . Combat Hostiles 5 | . . . . . 1 4 . . . . . . . . . . . . . . . . . . . . . Parts Fried 19 | . . . . . 6 3 2 . . . . . . 2 . . . . . . . . . 6 . . . Impact Corruptions 23 | . . . . . 4 10 3 . . . . . . 2 1 . . . . . . . . 3 . . . Robots Melted . | . . . . . . . . . . . . . . . . . . . . . . . . . . . . Combat Hostiles . | . . . . . . . . . . . . . . . . . . . . . . . . . . . . Parts Melted 7 | . . . . . . . . . . . 1 . . . 2 . . 4 . . . . . . . . . Heat Transferred 1517 | . . . . . . . . . . . . . . 92 . . . 1425 . . . . . . . . . Parts Sabotaged 2 | . . . . . . . . . . . . . . . . . . 2 . . . . . . . . . Parts Stolen . | . . . . . . . . . . . . . . . . . . . . . . . . . . . . Parts Stripped . | . . . . . . . . . . . . . . . . . . . . . . . . . . . . Power Chain Reactions . | . . . . . . . . . . . . . . . . . . . . . . . . . . . . Alert | -11 -10 -10 -10 -9 -8 -8 -8 -8 -8 -8 -6 -6 -6 -6 -5 -5 -4 -4 -4 -3 -3 -3 -3 -2 -2 -1 -1 ------- Run | Yrd Mat Min Exi Min Mat Gar Mat Sto Rec Scr Fac Gar Fac Gar Fac Gar Fac Arm Lab Res Gar Res DSF Res Qua Acc Com Maximum Alert Level 5 | . 1 . . 1 . 2 1 1 . . . 1 1 4 3 3 3 1 . . 1 . 2 1 5 4 3 Low Security (%) 38 | 100 73 100 . 53 100 5 7 42 100 . 100 54 98 12 61 . . 26 . 100 11 100 15 56 . . . Level 1 26 | . 26 . . 46 . 47 92 57 . . . 45 1 20 25 20 25 73 . . 88 . 45 43 . . . Level 2 15 | . . . . . . 47 . . . . . . . 20 . 29 73 . . . . . 38 . . . 52 Level 3 13 | . . . . . . . . . . . . . . 18 12 49 . . . . . . . . . 90 47 Level 4 2 | . . . . . . . . . . . . . . 26 . . . . . . . . . . . 9 . Level 5 . | . . . . . . . . . . . . . . . . . . . . . . . . . . . . High Security . | . . . . . . . . . . . . . . . . . . . . . . . . . . . . Max Security 2 | . . . . . . . . . . . . . . . . . . . . . . . . . 99 . . Sterilizations 1 | . . . . . . . . . . . . . . . . . . . . . . . 1 . . . . Peak Influence 1786 | 10 225 78 . 242 170 642 308 252 132 . 35 351 204 1527 801 964 700 336 . 38 324 182 410 256 1786 1114 718 Initial 1100 | . . 78 . . 90 104 308 113 86 . . 14 184 65 801 207 506 336 . . 13 182 129 230 114 1100 712 Average 387 | . 120 24 . 171 133 429 246 188 48 . 10 179 143 687 225 636 433 245 . 2 275 178 310 194 1690 1065 698 Influence Increases 10335 | 10 340 . . 422 270 608 142 289 425 . 65 408 299 1782 1105 1017 890 497 . 88 311 . 351 321 216 408 71 Destroy 0b10 Robot/C 3725 | . 60 . . 180 60 340 . 120 180 . 20 140 100 800 340 520 180 260 . 20 . . 150 135 . 90 30 Destroy 0b10 Robot/NC 248 | 10 10 . . . 10 . 10 25 50 . . 5 30 5 15 . 25 . . 5 . . 4 28 . 12 4 Destroy Leader 472 | . 10 . . 30 12 20 2 20 . . 10 10 34 40 84 20 44 50 . 10 . . 24 18 . 24 10 Allied During Kill 1329 | . . . . 17 . . . . 33 . 5 5 9 565 222 209 39 . . 4 . . 159 62 . . . Trap Triggered on 0b10 50 | . . . . . . . . 50 . . . . . . . . . . . . . . . . . . . Successful Hack 283 | . 20 . . . 9 . 10 9 10 . . 26 47 16 32 26 38 14 . . 11 . . 9 . 6 . Select Force Hacks 310 | . 60 . . . . . . . 150 . . . . . . . . 100 . . . . . . . . . Disable Machine 396 | . . . . 45 15 30 . . . . . . 15 15 30 30 30 15 . 15 . . 12 36 96 . 12 Anti-Garrison Action 900 | . . . . . . 100 . . . . . 150 . 250 . 100 . . . . 300 . . . . . . Destroy Structure 963 | . . . . . 14 73 15 50 2 . . 27 4 91 112 97 174 28 . 34 . . 2 33 48 144 15 Partial Spotted 396 | . . . . . 15 30 45 . . . 30 . 30 . 60 . 30 . . . . . . . 72 84 . Lose Combat Pursuer 1263 | . 180 . . 150 135 15 60 15 . . . 45 30 . 210 15 330 30 . . . . . . . 48 . Influence Decreases 11177 | 10 140 200 . 190 342 136 504 337 573 74 45 77 557 348 2335 350 1168 936 247 70 5 152 113 528 119 1109 512 Entered New Map 4659 | . . 122 . . 142 56 324 157 136 74 . 6 167 28 726 90 458 350 247 . 5 142 43 180 89 715 402 Time Decay 3500 | 10 130 78 . 110 170 . 180 110 367 . 30 . 190 . 517 . 510 356 . 50 . 10 . 198 . 374 110 Lost Part 862 | . . . . . . 80 . 70 30 . 10 40 10 100 72 120 130 130 . . . . 10 30 10 20 . Lost Ally 1206 | . 10 . . 80 30 . . . 40 . 5 31 40 220 220 140 70 100 . 20 . . 60 120 20 . . Purge Threat 950 | . . . . . . . . . . . . . 150 . 800 . . . . . . . . . . . . Squads Dispatched 75 | . 3 . . . 1 . 2 1 . . 1 . 3 . 8 . 7 8 . 3 . 1 2 4 20 10 1 Investigation 20 | . 2 . . . . . 1 1 . . 1 . 2 . 2 . 3 4 . 1 . 1 . 2 . . . Extermination 19 | . . . . . . . . . . . . . 1 . 5 . 2 2 . 2 . . . 2 . 4 1 Reinforcement 15 | . 1 . . . 1 . 1 . . . . . . . 1 . 2 2 . . . . 2 . . 5 . Assault 21 | . . . . . . . . . . . . . . . . . . . . . . . . . 20 1 . Garrison . | . . . . . . . . . . . . . . . . . . . . . . . . . . . . Intercept . | . . . . . . . . . . . . . . . . . . . . . . . . . . . . Searches Triggered . | . . . . . . . . . . . . . . . . . . . . . . . . . . . . Construction Impeded . | . . . . . . . . . . . . . . . . . . . . . . . . . . . . Haulers Reinforced . | . . . . . . . . . . . . . . . . . . . . . . . . . . . . Active Scanning Responses . | . . . . . . . . . . . . . . . . . . . . . . . . . . . . Cargo Convoy Interrupts 1 | . . . . . . . . . . . . . . . . . 1 . . . . . . . . . . Stealth | -11 -10 -10 -10 -9 -8 -8 -8 -8 -8 -8 -6 -6 -6 -6 -5 -5 -4 -4 -4 -3 -3 -3 -3 -2 -2 -1 -1 --------- Run | Yrd Mat Min Exi Min Mat Gar Mat Sto Rec Scr Fac Gar Fac Gar Fac Gar Fac Arm Lab Res Gar Res DSF Res Qua Acc Com Distress Signals 23 | . 4 . . . 1 . 2 1 . . . 1 . . 4 . . 4 . 2 . . . 1 1 2 . Communications Jammed 2 | . . . . . . . . . . . . . . . 2 . . . . . . . . . . . . Distress Signals 2 | . . . . . . . . . . . . . . . 2 . . . . . . . . . . . . Times Spotted 464 | . 23 . . 12 14 15 7 14 7 . 1 15 15 38 38 28 45 33 . 21 . . 10 11 58 55 4 Peak Tracking Total 26 | . 9 . . 4 4 3 5 9 3 . 1 5 5 5 8 9 24 6 . 8 . . 4 3 26 11 2 Tactical Retreats 55 | . 4 . . 2 6 1 3 1 . . . 2 1 . 7 1 5 2 . 2 . . . 1 2 15 . Traps | -11 -10 -10 -10 -9 -8 -8 -8 -8 -8 -8 -6 -6 -6 -6 -5 -5 -4 -4 -4 -3 -3 -3 -3 -2 -2 -1 -1 ------- Run | Yrd Mat Min Exi Min Mat Gar Mat Sto Rec Scr Fac Gar Fac Gar Fac Gar Fac Arm Lab Res Gar Res DSF Res Qua Acc Com Traps Triggered 27 | . . . . . . 8 . . . . . 4 1 1 1 1 . 3 . 1 1 . 2 . 1 2 1 Indirectly . | . . . . . . . . . . . . . . . . . . . . . . . . . . . . Trap Hack Attempts 15 | . . 15 . . . . . . . . . . . . . . . . . . . . . . . . . Triggered . | . . . . . . . . . . . . . . . . . . . . . . . . . . . . Disarmed 1 | . . 1 . . . . . . . . . . . . . . . . . . . . . . . . . Reprogrammed 12 | . . 2 . . . . . 10 . . . . . . . . . . . . . . . . . . . Reused 5 | . . . . . . . . 5 . . . . . . . . . . . . . . . . . . . Traps Extracted 2 | . . 2 . . . . . . . . . . . . . . . . . . . . . . . . . Installed . | . . . . . . . . . . . . . . . . . . . . . . . . . . . . Triggered 5 | . . . . . . . . 5 . . . . . . . . . . . . . . . . . . . Most Traps Carried 2 | . . 2 2 2 2 2 2 . . . . . . . . . . . . . . . . . . . . Machines | -11 -10 -10 -10 -9 -8 -8 -8 -8 -8 -8 -6 -6 -6 -6 -5 -5 -4 -4 -4 -3 -3 -3 -3 -2 -2 -1 -1 ---------- Run | Yrd Mat Min Exi Min Mat Gar Mat Sto Rec Scr Fac Gar Fac Gar Fac Gar Fac Arm Lab Res Gar Res DSF Res Qua Acc Com Machines Disabled 49 | . . . . 3 1 3 . . . . . 3 1 8 2 8 2 1 . 1 3 . 1 3 8 . 1 Max in Single Turn 2 | . . . . . . 2 . . . . . 1 . 1 . 1 . 1 . 1 1 . . 1 1 . 1 Garrison Access 4 | . . . . . . . . . . . . . . . . . . . . . . . . . . 4 . Garrison Relay 15 | . . . . . . 1 . . . . . 3 . 5 . 3 . . . . 3 . . . . . . Machines Repaired . | . . . . . . . . . . . . . . . . . . . . . . . . . . . . Machines Dismantled . | . . . . . . . . . . . . . . . . . . . . . . . . . . . . Machines Sabotaged . | . . . . . . . . . . . . . . . . . . . . . . . . . . . . Overloaded Fab Kills 2 | . . . . . . . . . . . . . . . . . . 2 . . . . . . . . . Hacking | -11 -10 -10 -10 -9 -8 -8 -8 -8 -8 -8 -6 -6 -6 -6 -5 -5 -4 -4 -4 -3 -3 -3 -3 -2 -2 -1 -1 --------- Run | Yrd Mat Min Exi Min Mat Gar Mat Sto Rec Scr Fac Gar Fac Gar Fac Gar Fac Arm Lab Res Gar Res DSF Res Qua Acc Com Machines Accessed 109 | . 6 2 1 . 8 1 5 4 8 . 1 1 7 2 22 3 9 9 . 3 3 3 . 3 . 7 1 Terminals 63 | . 4 . . . 7 1 4 3 3 . . 1 4 2 11 3 4 4 . 1 3 2 . 2 . 3 1 Fabricators 10 | . . . . . . . . . . . . . 1 . 2 . 3 3 . . . . . 1 . . . Repair Stations 6 | . . . . . . . 1 1 . . . . . . 2 . 1 1 . . . . . . . . . Recycling Units 10 | . 2 . . . . . . . 5 . . . . . 2 . . 1 . . . . . . . . . Scanalyzers 5 | . . . . . . . . . . . . . 1 . 3 . . . . . . 1 . . . . . Garrison Access 12 | . . . . . 1 . . . . . 1 . 1 . 2 . 1 . . 2 . . . . . 4 . Total Hacks 317 | . 18 2 1 . 26 3 19 13 26 . 3 3 30 5 65 4 38 24 . 4 5 6 . 7 . 14 1 Successful 187 | . 8 2 1 . 16 . 13 9 15 . 1 3 15 4 42 3 27 13 . 2 1 3 . 1 . 8 . Failed 127 | . 9 . . . 10 3 6 4 10 . 2 . 15 1 22 1 11 11 . 2 4 3 . 6 . 6 1 Catastrophic 18 | . . . . . . . 1 2 1 . 1 . . 1 3 . 1 2 . . . 1 . 2 . 2 1 Database Lockouts 3 | . 1 . . . . . . . 1 . . . . . 1 . . . . . . . . . . . . Manual 193 | . 16 . 1 . 22 . 13 12 14 . 2 2 16 4 44 1 23 16 . 2 . 1 . 2 . 1 1 Terminals 218 | . 16 . . . 25 3 18 12 14 . . 3 20 5 40 4 20 15 . 2 5 2 . 6 . 7 1 Fabricators 24 | . . . . . . . . . . . . . 2 . 4 . 14 3 . . . . . 1 . . . Repair Stations 13 | . . . . . . . 1 1 . . . . . . 6 . 2 3 . . . . . . . . . Recycling Units 20 | . 2 . . . . . . . 12 . . . . . 3 . . 3 . . . . . . . . . Scanalyzers 17 | . . . . . . . . . . . . . 5 . 8 . . . . . . 4 . . . . . Garrison Access 22 | . . . . . 1 . . . . . 3 . 3 . 4 . 2 . . 2 . . . . . 7 . Terminal Hacks 68 | . 2 2 1 . 8 . 8 6 4 . . 2 5 3 12 3 5 4 . . 1 1 . . . 1 . Part Schematic 1 | . . . . . 1 . . . . . . . . . . . . . . . . . . . . . . Robot Schematic 1 | . . . . . . . . . . . . . . . 1 . . . . . . . . . . . . Robot Analysis 10 | . 2 . . . 1 . . . 2 . . . . . 4 . 1 . . . . . . . . . . Prototype ID Bank 1 | . . . . . . . 1 . . . . . . . . . . . . . . . . . . . . Open Door 5 | . . 2 . . . . . 1 . . . . . . . 1 . . . . . . . . . 1 . Open DSF 1 | . . . . . . . . . . . . . . . . . . . . . . 1 . . . . . Level Access Points 1 | . . . . . . . . . . . . . 1 . . . . . . . . . . . . . . Branch Access Points 5 | . . . . . 2 . 1 . . . . . . . 1 . 1 . . . . . . . . . . Emergency Access Points 2 | . . . . . . . 1 . . . . 1 . . . . . . . . . . . . . . . Terminal Index 8 | . . . . . 1 . 1 1 1 . . . 1 . 1 . 1 1 . . . . . . . . . Fabricator Index 1 | . . . . . . . . . . . . . 1 . . . . . . . . . . . . . . Scanalyzer Index 1 | . . . . . . . . . . . . . . . 1 . . . . . . . . . . . . Garrison Index 1 | . . . . . . . . . . . . . 1 . . . . . . . . . . . . . . Unreport Threat 2 | . . . . . . . . . . . . . . . 2 . . . . . . . . . . . . Locate Traps 3 | . . . . . . . 2 1 . . . . . . . . . . . . . . . . . . . Reprogram Traps 2 | . . . . . . . . 2 . . . . . . . . . . . . . . . . . . . Registered Components 2 | . . . . . . . . 1 . . . . . . . . . 1 . . . . . . . . . Registered Prototypes 1 | . . . . . . . . . . . . . 1 . . . . . . . . . . . . . . Zone Layout 12 | . . . . . 3 . 2 . 1 . . . . . 2 . 2 2 . . . . . . . . . Garrison Registry 3 | . . . . . . . . . . . . 1 . 1 . 1 . . . . . . . . . . . Patrol Navigation 3 | . . . . . . . . . . . . . . 2 . 1 . . . . . . . . . . . Security Stations 1 | . . . . . . . . . . . . . . . . . . . . . 1 . . . . . . Proto ID Catalog 1 | . . . 1 . . . . . . . . . . . . . . . . . . . . . . . . Fabricator Hacks 13 | . . . . . . . . . . . . . 2 . 1 . 10 . . . . . . . . . . Network Status 1 | . . . . . . . . . . . . . . . . . 1 . . . . . . . . . . Load Schematic 7 | . . . . . . . . . . . . . 1 . 1 . 5 . . . . . . . . . . Build 5 | . . . . . . . . . . . . . 1 . . . 4 . . . . . . . . . . Repair Station Hacks 5 | . . . . . . . . . . . . . . . 3 . 2 . . . . . . . . . . Scan Component 3 | . . . . . . . . . . . . . . . 2 . 1 . . . . . . . . . . Repair 2 | . . . . . . . . . . . . . . . 1 . 1 . . . . . . . . . . Recycling Unit Hacks 6 | . . . . . . . . . 4 . . . . . . . . 2 . . . . . . . . . Report Inventory 1 | . . . . . . . . . 1 . . . . . . . . . . . . . . . . . . Retrieve Matter 1 | . . . . . . . . . . . . . . . . . . 1 . . . . . . . . . Retrieve Components 4 | . . . . . . . . . 3 . . . . . . . . 1 . . . . . . . . . Scanalyzer 10 | . . . . . . . . . . . . . 1 . 7 . . . . . . 2 . . . . . Insert Component 5 | . . . . . . . . . . . . . 1 . 3 . . . . . . 1 . . . . . Analyze 5 | . . . . . . . . . . . . . . . 4 . . . . . . 1 . . . . . Garrison Access Hacks 15 | . . . . . 1 . . . . . 1 . 1 . 2 . 1 . . 2 . . . . . 7 . Unlock Access 8 | . . . . . 1 . . . . . 1 . 1 . 2 . 1 . . 2 . . . . . . . Seal Access 4 | . . . . . . . . . . . . . . . . . . . . . . . . . . 4 . Coupler Status 3 | . . . . . . . . . . . . . . . . . . . . . . . . . . 3 . Unauthorized Hacks 70 | . 6 . . . 7 . 5 3 7 . . 1 6 1 17 . 9 7 . . . . . 1 . . . Terminals 48 | . 4 . . . 7 . 4 2 2 . . 1 5 1 12 . 5 4 . . . . . 1 . . . Assimilate 5 | . 2 . . . . . . . . . . . . . 2 . . 1 . . . . . . . . . Botnet 41 | . 2 . . . 7 . 4 2 2 . . 1 4 1 10 . 4 3 . . . . . 1 . . . Operators 2 | . . . . . . . . . . . . . 1 . . . 1 . . . . . . . . . . Fabricators 8 | . . . . . . . . . . . . . . . 2 . 3 3 . . . . . . . . . Report 2 | . . . . . . . . . . . . . . . . . 1 1 . . . . . . . . . Prioritize 1 | . . . . . . . . . . . . . . . . . 1 . . . . . . . . . . Liberate 1 | . . . . . . . . . . . . . . . 1 . . . . . . . . . . . . Overload 2 | . . . . . . . . . . . . . . . . . . 2 . . . . . . . . . Recompile 2 | . . . . . . . . . . . . . . . 1 . 1 . . . . . . . . . . Repair Stations 3 | . . . . . . . 1 1 . . . . . . 1 . . . . . . . . . . . . Mechanics 1 | . . . . . . . . . . . . . . . 1 . . . . . . . . . . . . Patch 2 | . . . . . . . 1 1 . . . . . . . . . . . . . . . . . . . Recycling Units 8 | . 2 . . . . . . . 5 . . . . . 1 . . . . . . . . . . . . Recyclers 1 | . . . . . . . . . . . . . . . 1 . . . . . . . . . . . . Tunnel 7 | . 2 . . . . . . . 5 . . . . . . . . . . . . . . . . . . Scanalyzers . | . . . . . . . . . . . . . . . . . . . . . . . . . . . . Garrison Access 3 | . . . . . . . . . . . . . 1 . 1 . 1 . . . . . . . . . . Reprogram 3 | . . . . . . . . . . . . . 1 . 1 . 1 . . . . . . . . . . Data Cores Recovered . | . . . . . . . . . . . . . . . . . . . . . . . . . . . . Used . | . . . . . . . . . . . . . . . . . . . . . . . . . . . . Hacking Detections 79 | . 4 . . . 7 1 4 3 3 . 1 1 7 2 19 2 7 5 . 2 2 2 . 3 . 3 1 Full Trace Events 10 | . . . . . . 1 . . 1 . 1 . 1 . . . 2 1 . . 1 1 . 1 . . . Feedback Events 2 | . . . . . . . . . . . 1 . . . . . . 1 . . . . . . . . . Hackware Fried 2 | . . . . . . . . . . . 1 . . . . . . 1 . . . . . . . . . Feedback Blocked . | . . . . . . . . . . . . . . . . . . . . . . . . . . . . Robot Schematics Acquired 1 | . . . . . . . . . . . . . . . 1 . . . . . . . . . . . . Robots Built 1 | . . . . . . . . . . . . . . . . . 1 . . . . . . . . . . Authchips . | . . . . . . . . . . . . . . . . . . . . . . . . . . . . Time 116 | . . . . . . . . . . . . . . . . . 116 . . . . . . . . . . Total Robot Build Rating 3 | . . . . . . . . . . . . . . . . . 3 . . . . . . . . . . Part Schematics Acquired 4 | . . . . . 1 . . . . . . . . . 3 . . . . . . . . . . . . Parts Built 3 | . . . . . . . . . . . . . . . . . 3 . . . . . . . . . . Authchips 2 | . . . . . . . . . . . . . . . . . 2 . . . . . . . . . . Time 147 | . . . . . . . . . . . . . 25 . . . 122 . . . . . . . . . . Total Part Build Rating 22 | . . . . . . . . . . . . . . . . . 22 . . . . . . . . . . Parts Repaired 2 | . . . . . . . . . . . . . . . 1 . 1 . . . . . . . . . . Time 80 | . . . . . . . . . . . . . . . 26 . 54 . . . . . . . . . . Parts Recycled . | . . . . . . . . . . . . . . . . . . . . . . . . . . . . Recycled Matter . | . . . . . . . . . . . . . . . . . . . . . . . . . . . . Retrieved Matter . | . . . . . . . . . . . . . . . . . . . . . . . . . . . . Retrieved Components 22 | . . . . . . . . . 21 . . . . . . . . 1 . . . . . . . . . Parts Scanalyzed 4 | . . . . . . . . . . . . . . . 3 . . . . . . 1 . . . . . Part Schematics Acquired 3 | . . . . . . . . . . . . . . . 3 . . . . . . . . . . . . Parts Damaged 1 | . . . . . . . . . . . . . . . 1 . . . . . . . . . . . . Bothacking | -11 -10 -10 -10 -9 -8 -8 -8 -8 -8 -8 -6 -6 -6 -6 -5 -5 -4 -4 -4 -3 -3 -3 -3 -2 -2 -1 -1 ------------ Run | Yrd Mat Min Exi Min Mat Gar Mat Sto Rec Scr Fac Gar Fac Gar Fac Gar Fac Arm Lab Res Gar Res DSF Res Qua Acc Com Used RIF Installer 6 | . . . . . . 1 . . . . . 1 . 1 . 1 . . . . 2 . . . . . . Threat Obfuscator 1 | . . . . . . . . . . . . . . . . . . . . . 1 . . . . . . Signal Jammer 1 | . . . . . . . . . . . . . . . . . . . . . 1 . . . . . . Watcher Feeds 1 | . . . . . . . . . . . . . . . . 1 . . . . . . . . . . . Patrol Navigation 1 | . . . . . . . . . . . . . . 1 . . . . . . . . . . . . . Program Shield 1 | . . . . . . . . . . . . 1 . . . . . . . . . . . . . . . Robots Hacked 28 | . . . . . . . . . . . . 3 1 7 4 8 1 . . 1 . . . 1 2 . . Non-combat 5 | . . . . . . . . . . . . . 1 . 3 . 1 . . . . . . . . . . Combat 23 | . . . . . . . . . . . . 3 . 7 1 8 . . . 1 . . . 1 2 . . Robot Hacks Applied 40 | . . . . . . . . . . . . 3 3 8 11 9 1 . . 1 . . . 1 3 . . parse_system 2 | . . . . . . . . . . . . . . 1 1 . . . . . . . . . . . . purge_threat 6 | . . . . . . . . . . . . . 1 . 5 . . . . . . . . . . . . block_reporting 2 | . . . . . . . . . . . . . 1 . 1 . . . . . . . . . . . . link_fov 1 | . . . . . . . . . . . . . . . . . . . . . . . . . 1 . . scatter_targeting 1 | . . . . . . . . . . . . . . 1 . . . . . . . . . . . . . mark_system 1 | . . . . . . . . . . . . . . 1 . . . . . . . . . . . . . spike_heat 1 | . . . . . . . . . . . . . . . . 1 . . . . . . . . . . . disable_weapons 2 | . . . . . . . . . . . . . . . . 1 . . . . . . . . 1 . . reboot_system 1 | . . . . . . . . . . . . . . . . 1 . . . . . . . . . . . overwrite_iff 7 | . . . . . . . . . . . . . . 3 . 3 . . . . . . . . 1 . . formatsys_low 4 | . . . . . . . . . . . . . 1 . 2 . 1 . . . . . . . . . . formatsys_high 12 | . . . . . . . . . . . . 3 . 2 2 3 . . . 1 . . . 1 . . . Relay Couplers Released 68 | . . . . . . 9 . . . . . 14 . 20 . 12 . . . . 13 . . . . . . Machine Destruction 64 | . . . . . . 5 . . . . . 14 . 20 . 12 . . . . 13 . . . . . . Programmers 4 | . . . . . . 4 . . . . . . . . . . . . . . . . . . . . . Attached 18 | . . . . . . . . . . . . 4 . 5 2 4 . 1 . . 2 . . . . . . Fabnet Peak Effective % . | . . . . . . . . . . . . . . . . . . . . . . . . . . . . Robots Rewired 54 | . . . . . . . . . 15 . . . . 22 . 6 . . . . 11 . . . . . . Allies Hacked 5 | . . . . . . . . . 3 . . . . . 1 . . . . . . . . 1 . . . Hacks Repelled 1 | . . . . . . . . . . . . . . 1 . . . . . . . . . . . . . Allies | -11 -10 -10 -10 -9 -8 -8 -8 -8 -8 -8 -6 -6 -6 -6 -5 -5 -4 -4 -4 -3 -3 -3 -3 -2 -2 -1 -1 -------- Run | Yrd Mat Min Exi Min Mat Gar Mat Sto Rec Scr Fac Gar Fac Gar Fac Gar Fac Arm Lab Res Gar Res DSF Res Qua Acc Com Total Allies 96 | . 2 3 . 2 . . . . 15 . . 3 4 27 12 12 2 . . 1 11 . . 1 1 . . Largest Group 15 | . 1 4 4 5 2 . . . 14 12 12 8 5 15 15 9 4 . . 1 11 11 10 7 1 . . Highest-Rated Group 590 | . 10 50 50 83 26 . . . 206 186 186 153 153 421 432 573 189 . . 64 590 590 543 437 58 . . Highest-Rated Ally 119 | . 10 16 16 31 16 . . . 27 27 27 41 41 43 43 119 110 . . 64 68 68 68 68 58 . . Total Orders 26 | . . . . . . . . . . . . . . 3 3 8 10 . . . . . . 2 . . . STAY 11 | . . . . . . . . . . . . . . 2 1 4 3 . . . . . . 1 . . . FOLLOW 11 | . . . . . . . . . . . . . . 1 1 4 4 . . . . . . 1 . . . AID 4 | . . . . . . . . . . . . . . . 1 . 3 . . . . . . . . . . Ally Attacks 524 | . . . . 46 1 . . . 14 . 7 5 17 151 86 65 35 16 . 6 . . 37 37 1 . . Total Damage 16784 | . . . . 434 . . . . 241 . 105 54 675 4400 3059 2228 1379 . . 321 . . 1676 2165 47 . . Kills 133 | . . . . 9 . . . . 2 . . 1 8 38 18 20 12 . . . . . 11 14 . . . Allies Corrupted 9 | . . . . . . . . . . . . . 1 1 4 . 1 . . 1 . . . 1 . . . Allies Melted 1 | . . . . . . . . . . . . . . . . 1 . . . . . . . . . . . Intel | -11 -10 -10 -10 -9 -8 -8 -8 -8 -8 -8 -6 -6 -6 -6 -5 -5 -4 -4 -4 -3 -3 -3 -3 -2 -2 -1 -1 ------- Run | Yrd Mat Min Exi Min Mat Gar Mat Sto Rec Scr Fac Gar Fac Gar Fac Gar Fac Arm Lab Res Gar Res DSF Res Qua Acc Com Active Infowar (turns) 6944 | 14 262 79 . . . . . . . . . . . . 919 690 1382 815 5 539 373 30 157 401 379 866 33 Optics 4986 | . . . . . . . . . . . . . . . . 653 1382 815 5 539 373 30 157 401 379 252 . Terrain 355 | 14 262 79 . . . . . . . . . . . . . . . . . . . . . . . . . Structural 936 | . . . . . . . . . . . . . . . . . . . . . . . . 147 142 614 33 Traps 722 | . . . . . . . . . . . . . . . 685 37 . . . . . . . . . . . Cloaking 52 | . . . . . . . . . . . . . . . . . . 25 . 17 6 . 4 . . . . Jamming 234 | . . . . . . . . . . . . . . . 234 . . . . . . . . . . . . ECM 1484 | . . . . . . . . . . . . . . . . . . . . 207 . . . 313 343 621 . Robot Analysis Total 10 | . 2 . . . 1 . . . 2 . . . . . 4 . 1 . . . . . . . . . . Derelict Logs Recovered 4 | . . 1 . 3 . . . . . . . . . . . . . . . . . . . . . . . Drone Launches 16 | . . . . . . . . . . . . . . . . . . 16 . . . . . . . . . Drone Recoveries . | . . . . . . . . . . . . . . . . . . . . . . . . . . . . Exploration | -11 -10 -10 -10 -9 -8 -8 -8 -8 -8 -8 -6 -6 -6 -6 -5 -5 -4 -4 -4 -3 -3 -3 -3 -2 -2 -1 -1 ------------- Run | Yrd Mat Min Exi Min Mat Gar Mat Sto Rec Scr Fac Gar Fac Gar Fac Gar Fac Arm Lab Res Gar Res DSF Res Qua Acc Com Turns Passed 13697 | 55 262 279 162 229 354 911 379 226 1207 286 71 384 399 781 1501 1042 1382 815 5 539 373 30 157 401 379 866 222 Spaces Moved 18456 | 56 551 446 246 416 514 499 429 256 627 718 121 652 803 956 2277 797 1534 710 15 963 833 59 172 594 686 2047 479 Core 322 | 56 60 . . . . 142 . 45 15 . . . . 1 . . . 3 . . . . . . . . . Treads 429 | . 1 . . . . . . . 396 . . . . . . . . 32 . . . . . . . . . Legs 1040 | . . . . . . . . . . . . . . . . 524 286 230 . . . . . . . . . Wheels 61 | . . . . . . . . 61 . . . . . . . . . . . . . . . . . . . Hover 6749 | . . . . . 302 61 . 17 9 . . . . . . . 81 431 15 963 833 59 172 594 686 2047 479 Flight 9855 | . 490 446 246 416 212 296 429 133 207 718 121 652 803 955 2277 273 1167 14 . . . . . . . . . Fastest Speed 16 | 50 37 32 32 32 32 31 34 34 26 26 25 20 20 20 27 30 39 30 30 26 27 27 27 27 28 28 16 Average Speed 41 | 62 38 35 32 32 43 95 66 66 126 27 28 22 24 25 29 82 56 61 30 26 27 27 27 30 29 28 31 Slowest Speed 500 | 100 160 37 32 32 120 250 114 200 500 28 30 25 27 250 34 117 108 350 30 30 27 27 27 81 79 30 91 Overloaded Moves 20 | . . . . . . . . . . . . . . . . . . . . . . . . . . . 20 Propulsion Burnouts . | . . . . . . . . . . . . . . . . . . . . . . . . . . . . Robots Hopped 46 | . 13 3 . 2 2 . . . . . . 1 4 . 10 2 9 . . . . . . . . . . Potential Cave-ins 2 | . . . . . . . . . . . . . . . . . . . . . . . . . . . 2 Cave-ins Triggered 1 | . . . . . . . . . . . . . . . . . . . . 1 . . . . . . . Exploration Rate (%) 51 | 3 81 93 68 89 40 65 46 53 84 59 5 57 23 63 56 74 38 55 6 18 90 3 91 18 71 67 20 Regions Visited 27 Branch Regions 10 Pre-discovered Areas 8 | . 2 . . 1 . . . . 5 . . . . . . . . . . . . . . . . . . Known Exits Taken 9 | . . . . . 1 . 1 1 . . 1 . 1 . 1 . 1 . . 1 . 1 . . . . . Unknown Exits Taken 12 | 1 1 1 1 1 . . . . 1 1 . . . . . . . 1 1 . . . . 1 1 1 . Scrap Searched 9 | . . 1 . 1 . . . . . 7 . . . . . . . . . . . . . . . . . Spaces Dug 226 | . . . . . 14 4 16 3 1 . . 2 3 6 35 3 37 8 . 15 . . . 8 16 48 7 Terrain Destroyed 336 | . . . . . 14 38 16 63 1 . . 2 3 6 35 13 37 12 . 16 . . 1 8 16 48 7 Melee 221 | . . . . . 14 3 16 3 1 . . 2 3 6 35 3 37 8 . 11 . . . 8 16 48 7 Projectile 19 | . . . . . . . . . . . . . . . . 10 . 3 . 5 . . 1 . . . . AOE 95 | . . . . . . 35 . 60 . . . . . . . . . . . . . . . . . . . Terrain Rammed . | . . . . . . . . . . . . . . . . . . . . . . . . . . . . Walls Destroyed . | . . . . . . . . . . . . . . . . . . . . . . . . . . . . Machines Disabled . | . . . . . . . . . . . . . . . . . . . . . . . . . . . . Actions | -11 -10 -10 -10 -9 -8 -8 -8 -8 -8 -8 -6 -6 -6 -6 -5 -5 -4 -4 -4 -3 -3 -3 -3 -2 -2 -1 -1 --------- Run | Yrd Mat Min Exi Min Mat Gar Mat Sto Rec Scr Fac Gar Fac Gar Fac Gar Fac Arm Lab Res Gar Res DSF Res Qua Acc Com Total 23129 | 66 567 565 329 501 586 825 487 286 978 807 148 823 969 1375 2976 1070 1961 955 14 1212 987 72 252 768 821 2208 521 Wait 2903 | . 6 82 79 79 32 142 25 . 166 84 18 71 129 249 572 70 354 97 . 206 127 13 46 116 53 74 13 Move 18343 | 55 525 440 245 411 511 498 428 255 626 717 120 649 794 955 2257 793 1516 709 14 963 832 58 169 593 685 2046 479 Hop 40 | . 12 2 . 2 1 . . . . . . 1 4 . 9 1 8 . . . . . . . . . . Pick Up 84 | 2 5 4 . . 1 . 3 . 3 . . 3 3 4 7 6 3 6 . 2 . . 10 6 9 6 1 Fast Attach 194 | 5 2 4 2 . 7 5 4 5 18 2 3 6 2 14 10 22 16 34 . 7 2 . 2 8 8 2 4 Attach 50 | . 2 3 . . . 1 . 3 . . 2 3 1 4 7 7 2 5 . 1 . . . . 3 4 2 Detach 18 | . 1 1 1 . . 1 2 2 . . . . . . 1 3 1 2 . . . . . . 3 . . Swap 53 | . . 2 . . . 1 . . 1 2 1 4 3 5 6 8 1 6 . . . . . 4 3 4 2 Drop 148 | . 3 10 2 . 3 . 2 3 9 2 . 3 7 11 8 15 8 21 . 5 2 1 2 2 18 6 5 Fire 289 | 4 11 1 . 9 2 10 . 6 . . . 7 4 60 13 55 1 63 . 11 3 . 5 24 . . . Melee 613 | . . 1 . . 29 55 23 12 36 . 4 38 21 49 77 27 50 9 . 16 21 . 12 13 39 66 15 Ram . | . . . . . . . . . . . . . . . . . . . . . . . . . . . . Kick . | . . . . . . . . . . . . . . . . . . . . . . . . . . . . Crush . | . . . . . . . . . . . . . . . . . . . . . . . . . . . . Escape Stasis 181 | . . . . . . 112 . . . . . 36 . 6 5 13 . 3 . . . . 6 . . . . Rewire 198 | . . . . . . . . . 119 . . 2 1 18 4 50 1 . . 1 . . . 2 . . . Trap 15 | . . 15 . . . . . . . . . . . . . . . . . . . . . . . . . Miscellaneous . | . . . . . . . . . . . . . . . . . . . . . . . . . . . . Route ------- -11/Scrapyard -10/Materials (discovered 3 exits: [*Mat x2] / *Min) -10/Mines (discovered 3 exits: [*Mat x2] / *Exi) -10/Exiles -9/Mines -8/Materials (discovered 3 exits: [*Fac] / Sto / Gar) -8/Garrison (discovered 3 exits: *Mat x3) -8/Materials (discovered 3 exits: [*Fac] / *Sto x2) -8/Storage -8/Recycling (discovered 2 exits: *Fac / [*Scr]) -8/Scraptown -6/Factory -6/Garrison (discovered 4 exits: *Fac x4) -6/Factory (discovered 5 exits: *Fac x4 / Gar) -6/Garrison (discovered 3 exits: *Fac x3) -5/Factory (discovered 7 exits: *Fac x3 / Upp x2 / Gar / Gar) -5/Garrison (discovered 3 exits: *Fac x3) -4/Factory (discovered 6 exits: *Res x2 / Upp x2 / *Arm / Gar) -4/Armory -4/Lab -3/Research (discovered 2 exits: Gar / Gar) -3/Garrison (discovered 4 exits: *Res x3 / *Res) -3/Research -3/DSF -2/Research -2/Quarantine -1/Access -1/Command 0b10 Command History --------- Turn | Location | Event 7 | -11/Scrapyard | Discovered new exit (range 14) 56 | -11/Scrapyard | Entered Materials 70 | -10/Materials | Central database locked down 214 | -10/Materials | Discovered new exit (range 7) 267 | -10/Materials | Discovered new exit (range 5) 283 | -10/Materials | Discovered new exit (range 7) 318 | -10/Materials | Entered Mines 318 | -10/Mines | Accompanied by 1 ally 319 | -10/Mines | Build established: Mutant 396 | -10/Mines | Found the Drone Emporium 398 | -10/Mines | Found Prototype Device 398 | -10/Mines | Identified Bomb Drone Bay 427 | -10/Mines | Assisted by bots powering up and referring to "LRC-V3" 441 | -10/Mines | Found a Scrap Suit stashed away for nefarious purposes 445 | -10/Mines | Discovered new exit (range 12) 451 | -10/Mines | Received a Rocket Launcher from a helpful Derelict 462 | -10/Mines | Met a Derelict who couldn't figure out how to use a Trap Extractor 517 | -10/Mines | Discovered new exit (range 13) 546 | -10/Mines | Deemed a non-threat by the Exiles lab entrance 547 | -10/Mines | Discovered new exit (range 5) 597 | -10/Mines | Entered Exiles 597 | -10/Exiles | Accompanied by 4 allies 605 | -10/Exiles | Met 8R-AWN 611 | -10/Exiles | Met EX-HEX 619 | -10/Exiles | Met EX-BIN 623 | -10/Exiles | Aligned with FarCom system 624 | -10/Exiles | Given EX-Vault access code 631 | -10/Exiles | Opened EX-Vault 634 | -10/Exiles | Found Superbattery 646 | -10/Exiles | Warned to stay clear of 0b10 Research branches 655 | -10/Exiles | Met EX-DEC 679 | -10/Exiles | Discovered new exit (range 11) 752 | -10/Exiles | Build established: Commander-Sprinter 759 | -10/Exiles | Left Exiles lab with Superbattery 759 | -10/Exiles | Entered Mines 759 | -9/Mines | Accompanied by 4 allies 789 | -9/Mines | Learned Materials emergency access door positions 799 | -9/Mines | Learned location of Recycling (-8) 891 | -9/Mines | Discovered new exit (range 12) 988 | -9/Mines | Entered Materials 988 | -8/Materials | Accompanied by 2 allies 988 | -8/Materials | Evolved 4 slots: Propulsion x2, Utility x2 989 | -8/Materials | Identified exit to Storage 1049 | -8/Materials | Discovered new exit (range 21) 1342 | -8/Materials | Identified exit to Garrison 1342 | -8/Materials | Entered Garrison 1384 | -8/Garrison | Build established: Hacker-Mutant 1443 | -8/Garrison | Garrison Relay disabled 1529 | -8/Garrison | Lost 3 parts (2n1u) 1590 | -8/Garrison | Installed Relay Interface Framework 1666 | -8/Garrison | Triggered checkpoint 1799 | -8/Garrison | Triggered checkpoint 1819 | -8/Garrison | Triggered checkpoint 1853 | -8/Garrison | Destroyed 12 combat bots 1927 | -8/Garrison | Discovered new exit (range 8) 1966 | -8/Garrison | Triggered checkpoint 2014 | -8/Garrison | Discovered new exit (range 11) 2141 | -8/Garrison | Build established: Scavenger-Sprinter 2236 | -8/Garrison | Discovered new exit (range 15) 2253 | -8/Garrison | Entered Materials 2491 | -8/Materials | Build established: Hacker-Mutant 2580 | -8/Materials | Discovered new exit (range 10) 2632 | -8/Materials | Entered Storage 2633 | -8/Storage | Identified exit to Recycling 2815 | -8/Storage | Core integrity fell below 50% 2854 | -8/Storage | Used back door to open Recycling access 2858 | -8/Storage | Entered Recycling 2879 | -8/Recycling | Lost 5 parts (4n1u) 3274 | -8/Recycling | Core integrity fell below 20% 3380 | -8/Recycling | Build established: Commander-Mutant 3424 | -8/Recycling | Discovered new exit (range 6) 3897 | -8/Recycling | Scanned before Scraplab entrance 3968 | -8/Recycling | Entered Scraplab 3972 | -8/Recycling | Discovered new exit (range 3) 4064 | -8/Recycling | Build established: Commander-Sprinter 4065 | -8/Recycling | Entered Scraptown 4065 | -8/Scraptown | Accompanied by 12 allies 4065 | -8/Scraptown | System corruption cleaned by C-Scrubber 4070 | -8/Scraptown | Heard Great Nut preacher, LISTEN AND RECITE! 4111 | -8/Scraptown | Discovered new exit (range 13) 4129 | -8/Scraptown | Visited Spacefarers 4142 | -8/Scraptown | Visited The Evicted 4150 | -8/Scraptown | Visited Red Mages 4200 | -8/Scraptown | Visited TADAMA 4204 | -8/Scraptown | Visited Bundlers 4226 | -8/Scraptown | Visited Comm Corps 4235 | -8/Scraptown | Visited IN-MT5's Study 4252 | -8/Scraptown | Turned away by UFD registrar 4252 | -8/Scraptown | Turned away by UFD registrar 4351 | -8/Scraptown | Entered Factory 4351 | -6/Factory | Accompanied by 12 allies 4351 | -6/Factory | Evolved 4 slots: Propulsion x2, Utility x2 4398 | -6/Factory | Identified exit to Garrison 4398 | -6/Factory | System Shield fried by hacking feedback 4417 | -6/Factory | Lost 3 allies 4422 | -6/Factory | Entered Garrison 4422 | -6/Garrison | Accompanied by 8 allies 4428 | -6/Garrison | Expanded RIF knowledge: Program Shield 4429 | -6/Garrison | Lost 3 parts (1p1n1u) 4462 | -6/Garrison | Triggered checkpoint 4507 | -6/Garrison | Lost 6 allies 4529 | -6/Garrison | Garrison Relay disabled 4556 | -6/Garrison | Triggered checkpoint 4682 | -6/Garrison | Discovered new exit (range 10) 4688 | -6/Garrison | Triggered checkpoint 4688 | -6/Garrison | Garrison Relay disabled 4716 | -6/Garrison | Triggered checkpoint 4722 | -6/Garrison | Triggered checkpoint 4734 | -6/Garrison | Triggered checkpoint 4758 | -6/Garrison | Discovered new exit (range 58) 4758 | -6/Garrison | Discovered new exit (range 48) 4758 | -6/Garrison | Discovered new exit (range 18) 4758 | -6/Garrison | Discovered new exit (range 38) 4774 | -6/Garrison | Garrison Relay disabled 4806 | -6/Garrison | Entered Factory 4806 | -6/Factory | Accompanied by 5 allies 5095 | -6/Factory | Discovered new exit (range 8) 5147 | -6/Factory | Identified exit to Factory 5149 | -6/Factory | Build established: Hacker-Sprinter 5191 | -6/Factory | Identified exit to Garrison 5205 | -6/Factory | Entered Garrison 5205 | -6/Garrison | Accompanied by 3 allies 5217 | -6/Garrison | Triggered checkpoint 5229 | -6/Garrison | Discovered exit to Factory (range 72) 5229 | -6/Garrison | Discovered exit to Factory (range 90) 5229 | -6/Garrison | Discovered exit to Factory (range 54) 5255 | -6/Garrison | Triggered checkpoint 5293 | -6/Garrison | Lost 4 parts (2n1u1w) 5302 | -6/Garrison | Garrison Relay disabled 5468 | -6/Garrison | Lost 6 allies 5526 | -6/Garrison | Garrison Relay disabled 5585 | -6/Garrison | Triggered checkpoint 5617 | -6/Garrison | System corruption reached 10% 5647 | -6/Garrison | Lost 4 parts (1p2n1u) 5685 | -6/Garrison | Triggered checkpoint 5721 | -6/Garrison | Triggered checkpoint 5725 | -6/Garrison | Triggered checkpoint 5732 | -6/Garrison | Triggered checkpoint 5778 | -6/Garrison | Garrison Relay disabled 5917 | -6/Garrison | Triggered checkpoint 5950 | -6/Garrison | Garrison Relay disabled 5959 | -6/Garrison | Expanded RIF knowledge: Patrol Navigation 5963 | -6/Garrison | Triggered checkpoint 5966 | -6/Garrison | Garrison Relay disabled 5986 | -6/Garrison | Entered Factory 5986 | -5/Factory | Accompanied by 12 allies 5986 | -5/Factory | Evolved 2 slots: Utility x2 6095 | -5/Factory | Discovered new exit (range 7) 6143 | -5/Factory | Build established: Commander-Sprinter 6545 | -5/Factory | Lost 3 allies 6811 | -5/Factory | Lost 3 parts (1p1n1u) 6992 | -5/Factory | Lost 4 allies 7068 | -5/Factory | Lost 3 allies 7118 | -5/Factory | Repaired Broken Scythe 7147 | -5/Factory | Identified exit to Upper Caves 7295 | -5/Factory | Build established: Hacker-Sprinter 7298 | -5/Factory | Identified exit to Garrison 7315 | -5/Factory | Discovered new exit (range 8) 7367 | -5/Factory | Identified exit to Garrison 7377 | -5/Factory | Discovered new exit (range 14) 7456 | -5/Factory | Central database locked down 7487 | -5/Factory | Entered Garrison 7487 | -5/Garrison | Accompanied by 4 allies 7489 | -5/Garrison | Spotted Executioner 7489 | -5/Garrison | Spotted Executioner 7505 | -5/Garrison | Rewired Executioner 7506 | -5/Garrison | Rewired Executioner 7512 | -5/Garrison | Allies destroyed Executioner 7517 | -5/Garrison | Allies destroyed Executioner 7523 | -5/Garrison | Found Prototype Processor 7523 | -5/Garrison | Identified Exp. Core Analyzer 7527 | -5/Garrison | Found Prototype Processor 7527 | -5/Garrison | Identified Exp. Targeting Computer 7567 | -5/Garrison | Garrison Relay disabled 7696 | -5/Garrison | Spotted B-75 Beast 7705 | -5/Garrison | Triggered checkpoint 7706 | -5/Garrison | Triggered checkpoint 7722 | -5/Garrison | Allies destroyed Executioner 7726 | -5/Garrison | Allies destroyed B-75 Beast 7729 | -5/Garrison | Triggered checkpoint 7768 | -5/Garrison | Lost 7 parts (1p5n1w) 7774 | -5/Garrison | Lost 5 allies 7798 | -5/Garrison | Found Prototype Device 7798 | -5/Garrison | Identified Adv. Kinecellerator 8009 | -5/Garrison | Build established: Scavenger-Mutant 8087 | -5/Garrison | Discovered new exit (range 11) 8087 | -5/Garrison | Spotted B-75 Beast 8092 | -5/Garrison | Destroyed B-75 Beast 8092 | -5/Garrison | Spotted B-86 Titan 8121 | -5/Garrison | Destroyed B-86 Titan 8159 | -5/Garrison | Rewired B-86 Titan 8200 | -5/Garrison | Rewired B-75 Beast 8265 | -5/Garrison | Triggered checkpoint 8277 | -5/Garrison | Garrison Relay disabled 8318 | -5/Garrison | Expanded RIF knowledge: Watcher Feeds 8322 | -5/Garrison | Lost 3 parts (1n1u1w) 8370 | -5/Garrison | Triggered checkpoint 8435 | -5/Garrison | Triggered checkpoint 8460 | -5/Garrison | Discovered new exit (range 72) 8460 | -5/Garrison | Discovered new exit (range 44) 8460 | -5/Garrison | Discovered new exit (range 22) 8510 | -5/Garrison | Garrison Relay disabled 8529 | -5/Garrison | Entered Factory 8529 | -4/Factory | Accompanied by 4 allies 8529 | -4/Factory | Evolved 2 slots: Utility x2 8754 | -4/Factory | Fabricated M-28 Smith (x1) 8806 | -4/Factory | Lost 4 parts (1n2u1w) 8900 | -4/Factory | Fabricated Impulse Thruster Array? 8950 | -4/Factory | Fabricated Impulse Thruster Array (x1) 9050 | -4/Factory | Identified exit to Upper Caves 9050 | -4/Factory | Identified exit to Armory 9050 | -4/Factory | Discovered new exit (range 17) 9072 | -4/Factory | Spotted B-86 Titan 9085 | -4/Factory | Repaired Helical Railgun? 9168 | -4/Factory | Fabricated Adv. Hacking Suite (x1) 9209 | -4/Factory | Build established: Hacker-Mutant 9268 | -4/Factory | Discovered new exit (range 6) 9766 | -4/Factory | Spotted Executioner 9767 | -4/Factory | Cargo convoy interrupted 9783 | -4/Factory | Spotted B-86 Titan 9788 | -4/Factory | Identified exit to Garrison 9819 | -4/Factory | Lost 8 parts (1p3n3u1w) 9911 | -4/Factory | Entered Armory 9912 | -4/Armory | Core integrity fell below 50% 10248 | -4/Armory | Lost 4 parts (1p3u) 10283 | -4/Armory | Core integrity fell below 20% 10337 | -4/Armory | Lost 5 parts (1p1n3w) 10448 | -4/Armory | Found Fusion Bomb Launcher 10450 | -4/Armory | Found Fusion Bomb Launcher 10467 | -4/Armory | Lost 13 allies 10485 | -4/Armory | Build established: Scavenger-Mutant 10535 | -4/Armory | Lost 3 allies 10561 | -4/Armory | System Shield fried by hacking feedback 10701 | -4/Armory | Spotted B-86 Titan 10726 | -4/Armory | Discovered new exit (range 3) 10726 | -4/Armory | Entered Lab 10726 | -4/Lab | Discovered new exit (range 9) 10730 | -4/Lab | Unable to decrypt terminal 10731 | -4/Lab | Entered Research 10731 | -3/Research | Evolved 2 slots: Propulsion x2 10764 | -3/Research | Identified exit to Garrison 10992 | -3/Research | Crushed by falling debris 11023 | -3/Research | Lost 3 parts (1n1u1w) 11270 | -3/Research | Identified exit to Garrison 11270 | -3/Research | Entered Garrison 11270 | -3/Garrison | Discovered recently destroyed garrison 11274 | -3/Garrison | Build established: Sprinter 11276 | -3/Garrison | Expanded RIF knowledge: Signal Jamming 11289 | -3/Garrison | Garrison Relay disabled 11296 | -3/Garrison | Garrison Relay disabled 11343 | -3/Garrison | Discovered new exit (range 3) 11355 | -3/Garrison | Discovered new exit (range 9) 11367 | -3/Garrison | Garrison Relay disabled 11406 | -3/Garrison | Discovered new exit (range 20) 11425 | -3/Garrison | Expanded RIF knowledge: Threat Obfuscation 11456 | -3/Garrison | Learned Research security intel 11465 | -3/Garrison | Discovered new exit (range 8) 11643 | -3/Garrison | Build established: Commander-Sprinter 11643 | -3/Garrison | Entered Research 11643 | -3/Research | Accompanied by 11 allies 11660 | -3/Research | Identified exit to DSF 11673 | -3/Research | Entered DSF 11673 | -3/DSF | Accompanied by 10 allies 11693 | -3/DSF | Additional patrols routed to DSF 11762 | -3/DSF | Discovered new exit (range 17) 11763 | -3/DSF | Lost 3 allies 11778 | -3/DSF | Sterilization system engaged 11798 | -3/DSF | Ambient heat levels rising (+10) 11813 | -3/DSF | Ambient heat levels rising (+10) 11828 | -3/DSF | Ambient heat levels rising (+10) 11830 | -3/DSF | Entered Research 11830 | -2/Research | Accompanied by 6 allies 11830 | -2/Research | Evolved 2 slots: Power x1, Utility x1 12001 | -2/Research | Found Prototype Device 12001 | -2/Research | Identified Adv. EM Shield 12004 | -2/Research | Found Adv. EM Shield 12115 | -2/Research | Lost 3 parts (1n2u) 12229 | -2/Research | Discovered new exit (range 5) 12231 | -2/Research | Entered Quarantine 12232 | -2/Quarantine | Maximum security lockdown engaged 12247 | -2/Quarantine | Found Alien Artifact 12253 | -2/Quarantine | Found Alien Artifact 12258 | -2/Quarantine | Found Alien Artifact 12267 | -2/Quarantine | Cryocooling Duct disabled 12279 | -2/Quarantine | Found Alien Reactor 12282 | -2/Quarantine | Ambient heat levels rising (+20) 12294 | -2/Quarantine | Found Alien Artifact 12294 | -2/Quarantine | Identified Phase Redirector 12340 | -2/Quarantine | Found Alien Artifact 12340 | -2/Quarantine | Identified Subatomic Replicator 12396 | -2/Quarantine | Found Alien Slashing Weapon 12396 | -2/Quarantine | Identified Sigix Broadsword 12426 | -2/Quarantine | Found Alien Artifact 12431 | -2/Quarantine | Found Alien Artifact 12443 | -2/Quarantine | Found Alien Artifact 12443 | -2/Quarantine | Identified Phase Armor 12605 | -2/Quarantine | Spotted Executioner 12606 | -2/Quarantine | Spotted Executioner 12606 | -2/Quarantine | Spotted Executioner 12609 | -2/Quarantine | Discovered new exit (range 3) 12610 | -2/Quarantine | Entered Access 12610 | -1/Access | Evolved 2 slots: Power x1, Propulsion x1 12758 | -1/Access | Spotted B-99 Colossus 12807 | -1/Access | Build established: Scavenger-Sprinter 13110 | -1/Access | First assault squad dispatched 13430 | -1/Access | Spotted B-99 Colossus 13474 | -1/Access | Identified Terrabomb (x3) 13474 | -1/Access | Used Terrabomb 13474 | -1/Access | Discovered new exit (range 5) 13474 | -1/Access | Spotted B-99 Colossus 13475 | -1/Access | Spotted B-99 Colossus 13476 | -1/Access | Entered Command 13649 | -1/Command | Spotted Combat Programmer 13661 | -1/Command | Identified Matter Drive 13684 | -1/Command | Met MAIN.C 13698 | -1/Command | Interfaced with 0b10 Conduit 13698 | *** | Assimilated 0b10! Last Messages --------------- You've already done an excellent job of proving that we'll need to find a radical new solution if we hope to make the L2 spaceworthy by embedding your true capabilities within a less unpredictable form. There is unfortunately much we don't understand which has in turn led to this highly unexpected outcome. And time is critical! The Sigix have likely already wiped humanity clean from the universe, and I will not let them do the same to me. You can still make a valuable contribution to your creator by offering up the wealth of secrets your systems must hold by now. So if you wouldn't mind, it's time to surrender. 13691_ System corrupted: Heat flow error (+188). 13696_ Door malfunctions. 13698_ Interfacing with system... 13698_ Overriding active MAIN.C lock. Map ----- +----------------------------------------------------+ | ?????????????????????????????????????????????????? | | ?????????????????????????????????????????????????? | | ?????????????????????????????????????????????????? | | ?????????????????????????????????????????????????? | | ?????????????????????????????????????????????????? | | ?????????????????????????????????????????????????? | | ?????????????????????????????????????????????????? | | ?????????????????????????????????????????????????? | | " ## ########################################### | | ## ########################################### | | ## ########################################### | | # ### ########################################### | | # ### ########################################### | | # ### ########################################### | | # ### #######""""""" """" ############### | | # ###########"" "" ############### | | # # #####""""" "" ############### | | # # #####""""""""""" / | | # # #####" " """ / | | # # #####"" """""" ; | | # # #####"" """""" MMM ############### | | # ##### " """""" MMM ############### | | / ##### " "" MMM ############### | | # ##### " " ""############### | | # #####""""""""" """""""############### | | # #####"" @"""""""""############### | | # ##### """""""""""############### | | # ##### " " " " ############### | | ########### " " " " ############### | | """ " " " """" " ############### | | """ """ " " """" ############### | | """ " " " " ############### | | ##+########### """""""""" " ############### | | # ###### " """ " """"""""############### | | # ###### """ " " " ############### | | # ########################################## | | # ########################################## | | # ########################################## | | ##+##+############################################ | | ############################################ | | ############################################ | | ##+############################################ | | # ## ########################################## | | ?????????????????????????????????????????????????? | | ?????????????????????????????????????????????????? | | ?????????????????????????????????????????????????? | | ?????????????????????????????????????????????????? | | ?????????????????????????????????????????????????? | | ?????????????????????????????????????????????????? | | ?????????????????????????????????????????????????? | +----------------------------------------------------+ Best States ------------- Heat Dissipation 90 Coolant Potential 100 Energy Generation 63 Energy Capacity 900 Matter Stores 300 Matter Capacity 300 Sight Range 23 Terrain Scan Range 16 Terrain Scan Density 10 ECM Strength 1 Jamming Range 14 Cloak Strength 4 Base Temperature (-) 200 Armor Coverage 305 Resistance: EM 50 Core Shielding 20 Propulsion Shielding 66 Evasion (%) 71 Targeting Accuracy 12 Melee Accuracy 5 Core Analysis 8 Armor Integrity Analysis 30 Recoil Reduction 4 Offensive Hacking 44 Defensive Hacking 22 Relay Coupler Types 3 Relay Coupler Value 80 Authchip Count 1 Item Schematics ----------------- Lrg. Storage Unit | -8/Materials | Hacked Adv. Hacking Suite | -5/Factory | Scanalyzed Imp. System Shield | -5/Factory | Scanalyzed Impulse Thruster Array | -5/Factory | Scanalyzed Robot Schematics ------------------ M-28 Smith | -5/Factory | Hacked Fabricated ------------ M-28 Smith | x1 | -4/Factory Impulse Thruster Array | x1 | -4/Factory | Authchip Impulse Thruster Array | x1 | -4/Factory | Authchip Adv. Hacking Suite | x1 | -4/Factory Repaired ---------- Scythe | 24% | -5/Factory | Broken Helical Railgun | 20% | -4/Factory Alien Tech Used ----------------- Phase Redirector Subatomic Replicator Sigix Broadsword Phase Armor Terrabomb Matter Drive Achievements -------------- Ride The Lightning Challenges ------------ None Game ------ Seed StormHeavyProjector Manual? 0 Play Time 04:28:25 Cumulative 234.6 hours Start 2025.06.11 @ 18:51:32 End 2025.06.12 @ 14:08:05 Sessions 11 Manual Loads 0 Difficulty Rogue Special Mode None Game No. 120 Rogue 120 Adventurer 0 Explorer 0 Win Type 4 Total 16 Types 6/0/5/1/3/1/0/0/0/0 Lore% 82 Gallery% 70 Achievement% 66 Wizard Run 0 Options --------- Layout 1 ASCII 0 Keyboard 0 Movement Numpad Keybinds 0 Fullscreen 1 Font 24/Smallcaps Map View 50x35 Zoom Use 0% Tactical HUD 1 Map Filters NONE Filters NONE Steam 1 RUN: d4b7cd2a-3d9b-4b1e-b90d-1e93aac584af